 Dungeon Crawl Stone Soup version 0.22.1-1-ga44c0e5 (webtiles) character file.

2139 MalarOregon the Changer (level 9, 0/69 HPs)
             Began as a Merfolk Transmuter on Nov 11, 2018.
             Was a Follower of Qazlal.
             Killed by divine providence
             ... invoked by an orc priest
              (15 damage)
             ... on level 7 of the Dungeon.
             The game lasted 00:20:02 (7464 turns).

MalarOregon the Changer (Merfolk Transmuter)        Turns: 7464, Time: 00:20:02

Health: 0/69       AC:  2    Str: 11    XL:     9   Next: 30%
Magic:  17/25      EV: 27    Int: 15    God:    Qazlal [*.....]
Gold:   276        SH:  1    Dex: 19    Spells: 8/18 levels left

rFire    . . .     SeeInvis +     - Unarmed
rCold    . . .     Gourm    .   (shield currently unavailable)
rNeg     . . .     Faith    .   (armour currently unavailable)
rPois    x         Spirit   .   (helmet currently unavailable)
rElec    .         Reflect  .   (cloak currently unavailable)
rCorr    .         Harm     .   (gloves currently unavailable)
MR       .....                  (boots currently unavailable)
Stlth    ++........             B - amulet of regeneration
HPRegen  0.61/turn              u - ring of magical power
MPRegen  0.19/turn              z - ring of see invisible

@: spider-form (expiring), very slightly contaminated
A: tiny, (change form in water), (swift swim), (stealthy swim)
a: End Transformation, Renounce Religion


You were on level 7 of the Dungeon.
You worshipped Qazlal.
Qazlal was aware of your devotion.
You were hungry.
You were a venomous arachnid creature.
You visited 2 branches of the dungeon, and saw 8 of its levels.
You also visited: Sewer.

You collected 276 gold pieces.

Inventory:

Missiles
 a - 99 arrows
 d - 185 stones (quivered)
 h - 5 exploding tomahawks
 j - 45 poisoned needles
 m - 4 silver tomahawks
 p - 9 tomahawks
 D - 2 tomahawks of returning
Armour
 b - a +0 robe (melded)
 x - a +0 pair of gloves (melded)
   (You found it on level 3 of the Dungeon)
 C - a +0 pair of boots (melded)
   (You found it on level 4 of the Dungeon)
 H - a +0 cloak (melded)
   (You found it on level 6 of the Dungeon)
Jewellery
 u - a ring of magical power (left front leg)
   (You found it on level 3 of the Dungeon)
 y - an uncursed ring of wizardry
   (You found it on level 4 of the Dungeon)
 z - a ring of see invisible (right front leg)
   (You found it on level 1 of the Dungeon)
 B - an amulet of regeneration (around neck)
   (You found it on level 4 of the Dungeon)
Wands
 c - a wand of disintegration (9)
   (You found it on level 6 of the Dungeon)
 v - a wand of digging (14)
   (You found it on level 6 of the Dungeon)
Scrolls
 f - 5 scrolls of remove curse {@r2}
 g - a scroll of amnesia
 k - 8 scrolls of identify {@r1}
 l - a scroll of immolation {!r}
 o - 3 scrolls of fog
Potions
 i - 2 potions of invisibility {unknown}
 n - 3 potions of curing {@q1}
 q - 4 potions of agility {unknown}
 r - 3 potions of mutation {unknown}
 s - a potion of flight {unknown}
 t - a potion of cancellation
 w - 2 potions of brilliance {unknown}
 A - a potion of magic {unknown}
 E - a potion of heal wounds {unknown}
Comestibles
 e - 10 rations {!d}
 F - 4 chunks of flesh


   Skills:
 + Level 5.8 Fighting
 + Level 7.5 Dodging
 + Level 6.8 Unarmed Combat
 + Level 5.2 Spellcasting
 + Level 7.5 Transmutations


You had 8 spell levels left.
You knew the following spells:

 Your Spells              Type           Power        Failure   Level  Hunger
a - Beastly Appendage     Tmut           ####..       4%          1    None
c - Ice Form              Ice/Tmut       ###.....     56%         4    ####...
s - Sticks to Snakes      Tmut           ####....     5%          2    ##.....
x - Spider Form           Tmut/Pois      ###.......   26%         3    ###....

Your spell library contained the following spells:

 Spells                   Type           Power        Failure   Level  Hunger
 Blade Hands              Tmut           ####......   41%         5    ######.


Dungeon Overview and Level Annotations

Branches:
Dungeon (7/15)             Temple (1/1) D:5

Altars:
Ashenzari
Cheibriados
Dithmenos
Fedhas
Gozag
Hepliaklqana
Kikubaaqudgha
Nemelex Xobeh
Okawaru
Qazlal
Ru
Sif Muna
Trog
Uskayaw
Vehumet
Wu Jian
Xom
Yredelemnul
The Shining One


Message History

The hound misses you. The hound completely misses you.
Casting: Sticks to Snakes (safe; 5% risk of failure)
You create 2 snakes!
You now have 102 arrows.
The hound completely misses you.
The hound pauses to sniff the ground.
Casting: Sticks to Snakes (safe; 5% risk of failure)
You create 2 snakes!
You now have 100 arrows.
The hound completely misses you.
Casting: Sticks to Snakes (safe; 5% risk of failure)
You create a snake!
You now have 99 arrows.
Your adder is struck by lightning.
You kill your adder!
The hound closely misses you.
You hear an angry hiss.
You hear a shout! x2; You hear an angry squeal. x2
You hear a shout! x7
You swap places.
The hound bites your ball python.
Your ball python closely misses the hound.
Your ball python grabs the hound.
Your ball python constricts the hound.
The hound barely misses your ball python.
You swap places.
An ooze comes into view.
Your transformation is almost over.
The ball python completely misses your adder.
The ball python closely misses your adder.
Your ball python bites the hound.
Your ball python constricts the hound.
The hound bites your ball python.
Your ball python dies!
Unknown command.
The hound bites your adder.
Your adder bites the hound.
The hound is poisoned.
Your adder poisons the hound!
The hound bites your adder.
Your adder completely misses the hound.
The hound closely misses your adder.
Your adder closely misses the hound.
The hound bites your adder.
Your adder dies!
The hound bites your adder.
Your adder barely misses the orc priest.
Your adder misses the hound. The ooze closely misses you.
The hound barely misses your adder.
Your adder barely misses the hound.
Your adder bites the orc priest but does no damage.
Something bites your adder.
The orc priest looks encouraged for a moment.
Casting: Sticks to Snakes (safe; 5% risk of failure)
You miscast Sticks to Snakes.
You are very lightly contaminated with residual magic.
Nothing appears to happen.
Your adder bites the hound.
The ooze closely misses you. The hound bites your ball python.
Your ball python bites the hound.
Your ball python closely misses the hound.
The orc priest mumbles some strange prayers to Beogh against you.
Beogh smites you!
You die...

........#... ......#
#.# .. ....<.##..#. .#
.........##.## .#
....)..####..###.###
...)..## ###.##.....
......####........#
..........o..o.S###
###....###SS...Js.#
#...oh.hS....##.......
#....###.....# #######
#....# #.....# #....#
####### #....# #....#
######


You could see a hound, an orc priest, an ooze, an orc, a ball python, 2 friendly
adders and a friendly ball python.

Vanquished Creatures
  Edmund (D:5)
  Duvessa (D:6)
  Purgy (Sewer)
  An ice beast (D:7)
  An orc warrior (D:7)
  2 sky beasts (D:6)
  A black bear (D:6)
  An ogre (D:6)
  2 centaurs (D:5)
  A big kobold (Sewer)
  2 bullfrogs (D:6)
  Dowan (D:6)
  3 scorpions
  3 crimson imps
  2 hounds
  5 orc wizards
  A jelly (D:6)
  2 iguanas
  Jessica (D:3)
  4 worker ants
  A worker ant zombie (D:5)
  11 adders
  2 oozes
  An adder zombie (D:6)
  3 worms
  A dart slug (D:2)
  4 leopard geckos
  26 orcs
  10 giant cockroaches
  3 goblins
  7 hobgoblins
  8 jackals
  5 kobolds
  3 ball pythons
  A ball python skeleton (D:4)
  4 bats
  5 frilled lizards
  2 jackal skeletons
  A quokka zombie (D:5)
  9 rats
143 creatures vanquished.

Vanquished Creatures (others)
  5 toadstools (D:1)
5 creatures vanquished.

Grand Total: 148 creatures vanquished

Notes
Turn   | Place    | Note
-------+----------+-------------------------------------------
     0 | D:1      | MalarOregon the Merfolk Transmuter began the quest for the
                  | Orb.
     0 | D:1      | Reached XP level 1. HP: 15/15 MP: 3/3
   338 | D:1      | Reached XP level 2. HP: 21/21 MP: 3/5
   482 | D:1      | Learned a level 2 spell: Sticks to Snakes
   989 | D:1      | Reached XP level 3. HP: 25/26 MP: 4/6
  1967 | D:2      | Learned a level 3 spell: Spider Form
  2075 | D:2      | Reached XP level 4. HP: 33/33 MP: 2/7
  2838 | D:3      | Reached XP level 5. HP: 37/39 MP: 4/9
  2888 | D:3      | Noticed Jessica
  2892 | D:3      | Killed Jessica
  2904 | D:3      | Found an ornate altar of the Wu Jian Council.
  2978 | D:3      | Found a glowing golden altar of the Shining One.
  2981 | D:3      | Found a glowing drain.
  3207 | Sewer    | Entered a sewer
  3262 | Sewer    | Noticed Purgy
  3274 | Sewer    | Killed Purgy
  3274 | Sewer    | Reached XP level 6. HP: 28/47 MP: 7/10
  4011 | D:3      | Found a stormy altar of Qazlal.
  4359 | D:3      | Reached XP level 7. HP: 42/52 MP: 12/12
  4592 | D:4      | Reached skill level 5 in Dodging
  4649 | D:4      | Reached skill level 5 in Transmutations
  4798 | D:4      | Reached skill level 5 in Unarmed Combat
  5239 | D:5      | Entered Level 5 of the Dungeon
  5251 | D:5      | Found a staircase to the Ecumenical Temple.
  5268 | Temple   | Entered the Ecumenical Temple
  5274 | Temple   | Learned a level 4 spell: Ice Form
  5618 | D:3      | Became a worshipper of Qazlal Stormbringer
  5676 | D:5      | Found a shadowy altar of Dithmenos.
  5856 | D:5      | Found a hazy altar of Hepliaklqana.
  5961 | D:5      | Reached XP level 8. HP: 36/60 MP: 14/14
  6274 | D:5      | Noticed Edmund
  6288 | D:5      | Killed Edmund
  6448 | D:6      | Noticed Duvessa
  6469 | D:6      | Noticed Dowan
  6488 | D:6      | Killed Duvessa
  6488 | D:6      | Reached skill level 5 in Fighting
  6493 | D:6      | Killed Dowan
  6622 | D:6      | Reached * piety under Qazlal
  6862 | D:6      | Found a sparkling altar of Nemelex Xobeh.
  6888 | D:6      | Reached XP level 9. HP: 40/68 MP: 16/16
  7068 | D:6      | Reached skill level 5 in Spellcasting
  7441 | D:7      | HP: 1/69 [ice beast (13)]
  7464 | D:7      | Killed from afar by an orc priest

Skill      XL: |  1  2  3  4  5  6  7  8  9 |
---------------+----------------------------+-----
Dodging        | 3 4 5 7 |  7.5
Transmutations | 3 4 5 7 |  7.5
Fighting       | 2 3 4 5 |  5.8
Unarmed Combat | 4 5 6 |  6.8
Spellcasting   | 3 4 5 |  5.2

Action                   |  1- 3 |  4- 6 |  7- 9 || total
-------------------------+-------+-------+-------++-------
Melee: Unarmed           |   115 |   174 |   183 ||   472
       Headbutt          |    13 |    17 |     7 ||    37
       Punch             |     4 |     1 |     1 ||     6
       Short sword       |       |       |    26 ||    26
       Glaive            |       |       |     2 ||     2
Throw: Stone             |       |       |     1 ||     1
 Cast: Beastly Appendage |    26 |    16 |     5 ||    47
       Spider Form       |     3 |     9 |    21 ||    33
       Ice Form          |       |       |     2 ||     2
       Sticks to Snakes  |       |       |     7 ||     7
  Use: Scroll            |       |       |     9 ||     9
 Stab: Sleeping          |       |       |     2 ||     2
  Eat: Chunk             |     4 |     9 |     9 ||    22
       Ration            |       |       |     1 ||     1
Armor: Robe              |    15 |    15 |     9 ||    39
       Skin              |       |     4 |     2 ||     6
Dodge: Dodged            |    76 |   123 |   178 ||   377
Block: Other             |       |       |     2 ||     2
